 Dungeon Crawl Stone Soup version 0.14-a0-2737-gb10a4c8 (webtiles) character file.

136 Psiweapon the Skirmisher (level 4, 0/29 HPs)
             Began as a Gargoyle Fighter on Feb 21, 2014.
             Slain by a killer bee zombie (4 damage)
             ... on Level 4 of the Dungeon.
             The game lasted 00:03:38 (1115 turns).

Psiweapon the Skirmisher (Gargoyle Fighter)         Turns: 1115, Time: 00:03:38

HP   0/29        AC 10     Str 21      XL: 4   Next:  9%
MP   4/4         EV  6     Int  8      God:
Gold 73          SH 18     Dex  9      Spells:  0 memorised,  3 levels left

rFire  . . .     SeeInvis .     a - +0 mace
rCold  . . .     Clarity  .     b - +0 scale mail
rNeg   + . .     Conserve .     c - +0 shield
rPois  +         rCorr    .     (no helmet)
rElec  +         rRot     +     (no cloak)
SustAb . .       Spirit   .     (no gloves)
rMut   .         Warding  .     (no boots)
Saprov . . .     Stasis   .     (no amulet)
MR     .....                    (no ring)
                                (no ring)

@: not resistant to hostile enchantments, extremely unstealthy
A: life protection 1, electricity resistance, unbreathing, petrification
resistance, AC +3
a: no special abilities


You were on level 4 of the Dungeon.
You were not hungry.

You visited 1 branch of the dungeon, and saw 4 of its levels.

You collected 73 gold pieces.

Inventory:

Hand weapons
 a - a +0,+0 mace (weapon)
Armour
 b - a +0 scale mail (worn)
 c - a +0 shield (worn)
Comestibles
 d - 2 bread rations
Scrolls
 f - a scroll of enchant weapon II {unknown}
 h - 2 scrolls of identify {unknown}
 l - a scroll of enchant armour {unknown}
 n - a scroll of teleportation {unknown}
 q - a scroll of blinking {unknown}
Potions
 e - 2 potions of curing {unknown}
 g - 2 potions of speed {unknown}
 i - a potion of paralysis {unknown}
 j - a potion of invisibility {unknown}
 m - a potion of might {unknown}
 p - a potion of brilliance {unknown}


   Skills:
 + Level 4.1 Fighting
 + Level 2.9 Maces & Flails
 + Level 3.8 Armour
 + Level 3.7 Shields


You had 3 spell levels left.
You didn't know any spells.

Dungeon Overview and Level Annotations

Branches:
Dungeon (4/16)
 Temple: D:4-7

Altars:


Innate Abilities, Weirdness & Mutations

You are resistant to torment.
You are immune to poison.
Your stone body is very resilient (AC +3).
You resist negative energy.
You are resistant to electric shocks.
You can survive without breathing.
You are immune to petrification.


Message History

There is a stone staircase leading down here.
A killer bee zombie comes into view.
A killer bee zombie is nearby!
You hit the killer bee zombie.
You block the killer bee zombie's attack.
You closely miss the killer bee zombie.
The killer bee zombie hits you but does no damage.
You block the killer bee zombie's attack.
You closely miss the killer bee zombie.
You block the killer bee zombie's attack.
The killer bee zombie hits you but does no damage.
You barely miss the killer bee zombie.
You block the killer bee zombie's attack.
You hit the killer bee zombie.
The killer bee zombie hits you but does no damage.
The killer bee zombie barely misses you.
The killer bee zombie hits you.
* * * LOW HITPOINT WARNING * * *
You sock the killer bee zombie! The killer bee zombie hits you.
You die...

##.# ##### #..# #....
#..# #.... #..# #....
#..# #.... #..# #....
#..# #..%. ####..#####
#.... #@>.......#
#....
#z##......####%...
.###.##..............
...............%.#####
#.8.....8.#####...#
#.........# ##.##
#.........# #.#
#.........# #.#
#...>.....######.####


You could see a killer bee zombie.

Vanquished Creatures
  A scorpion (D:4)
  An ooze (D:3)
  4 orcs (D:4)
  A giant cockroach (D:4)
  A goblin (D:1)
  4 hobgoblins
  2 ball pythons (D:1)
  5 bats
  3 giant geckos
  A giant newt (D:4)
  3 kobolds
  3 rats
29 creatures vanquished.

Notes
Turn   | Place    | Note
--------------------------------------------------------------
     0 | D:1      | Psiweapon, the Gargoyle Fighter, began the quest for the Orb.
     0 | D:1      | Reached XP level 1. HP: 14/14 MP: 1/1
     4 | D:1      | Noticed a giant goldfish
     5 | D:1      | Noticed a shark
   260 | D:1      | Reached XP level 2. HP: 17/19 MP: 2/2
   753 | D:4      | Reached XP level 3. HP: 13/24 MP: 3/3
   975 | D:4      | Reached skill level 4 in Fighting
   975 | D:4      | Reached XP level 4. HP: 21/29 MP: 4/4
  1115 | D:4      | Slain by a killer bee zombie

Action                   |  1- 3 |  4- 6 || total
-------------------------+-------+-------++-------
Melee: Mace              |   109 |    19 ||   128
